 Dungeon Crawl Stone Soup version 0.17.0-28-g6e173f8 (webtiles) character file.

61 septik the Magician (level 3, 0/24 HPs)
             Began as a Mummy Wizard on Nov 27, 2015.
             Slain by a jackal (2 damage)
             ... on level 2 of the Dungeon.
             The game lasted 00:06:47 (2511 turns).

septik the Magician (Mummy Wizard)                  Turns: 2511, Time: 00:06:47

Health: 0/24       AC:  2    Str: 10    XL:     3   Next: 83%
Magic:  0/7        EV: 12    Int: 18    God:
Gold:   138        SH:  0    Dex: 10    Spells: 3 memorised, 3 levels left

rFire  x . .     SeeInvis .     f - +0 club
rCold  + . .     Clarity  .     a - +0 robe
rNeg   + + +     SustAt   +     (no shield)
rPois  ∞         Gourm    .     b - +0 hat
rElec  .         Spirit   .     (no cloak)
rCorr  .         Warding  .     (no gloves)
rMut   .         Stasis   .     (no boots)
MR     .....                    (no amulet)
Stlth  ++........               (no ring)
                                k - ring of sustain attributes

@: very slightly contaminated, not resistant to hostile enchantments, unstealthy
A: no food or potions, fire vulnerability, cold resistance 1, negative energy
resistance 3, torment resistance, unbreathing
a: no special abilities


You were on level 2 of the Dungeon.
You were not hungry.

You visited 1 branch of the dungeon, and saw 2 of its levels.

You collected 138 gold pieces.

Inventory:

Hand Weapons
 f - a +0 club (weapon)
Missiles
 e - 55 stones (quivered)
 g - 14 poisoned needles
Armour
 a - a +0 robe (worn)
 b - a +0 hat (worn)
Jewellery
 k - a ring of sustain attributes (left hand)
 l - an uncursed ring of fire
 m - an uncursed ring of fire
Scrolls
 d - 4 scrolls of identify {unknown}
 h - 2 scrolls of fog {unknown}
 i - a scroll of magic mapping {unknown}
 j - a scroll of immolation {unknown}
Books
 c - a book of Minor Magic

   Spells                             Type                      Level
   a - Magic Dart                     Conjuration                  1
   b - Blink                          Translocation                2
   c - Call Imp                       Summoning                    2
   d - Repel Missiles                 Charms/Air                   2
   e - Slow                           Hexes                        2
   f - Conjure Flame                  Conjuration/Fire             3
   g - Mephitic Cloud                 Conjuration/Poison/Air       3


   Skills:
 - Level 1.5 Dodging
 - Level 1.5 Stealth
 + Level 3.2 Spellcasting
 * Level 2.2 Conjurations
 * Level 1.7 Summonings
 - Level 0.7 Translocations


You had 3 spell levels left.
You knew the following spells:

 Your Spells              Type           Power        Failure   Level  Hunger
a - Magic Dart            Conj           ##..         8%          1    N/A
b - Call Imp              Summ           #.......     12%         2    N/A
c - Blink                 Tloc           N/A          17%         2    N/A

Dungeon Overview and Level Annotations

Branches:
Dungeon (2/15)

Altars:
Cheibriados

Annotations:
D:1 exclusion: downstairs
D:2 1 exclusion, Jessica, Natasha


Innate Abilities, Weirdness & Mutations

You do not eat or drink.
Your flesh is vulnerable to fire.
You are immune to poison.
Your flesh is cold resistant.
You are immune to negative energy.
You are immune to unholy pain and torment.
You can survive without breathing.


Message History

The jackal barely misses you. The jackal closely misses you.
You closely miss the jackal.
The jackal is lightly wounded.
The jackal closely misses you. The jackal bites you.
* * * LOW HITPOINT WARNING * * *
Casting: Magic Dart
Confirm with . or Enter, or press ? or * to list all spells.
Aiming: Magic Dart
Press: ? - help, Shift-Dir - straight line, f/p - jackal
Aim: a jackal (lightly wounded)
The magic dart hits the jackal.
The jackal is almost dead.
The jackal closely misses you. The jackal bites you.
* * * LOW HITPOINT WARNING * * *
You see here a whip.
You closely miss the jackal.
The jackal is almost dead.
The jackal bites you.
You die...

.. #.##.# #### #. #.##.#
####.# #.##.# .....####
##.##.# #
#....########..[#.########
####..#......................
.....†..########...##....####
##.....## #h..>..##.#
.#.....# #@.###.##.#
#......## #..# #)##.#
#.......###### #..###.##.#
#.#####.##..!###..##..##.#
..# #.##............##.# ..#
#.....####.####.##.# #.#
#.###.##.....##.##.#
..#####.#
#.#.......#.##.########
#.......#
#.#...)...#............


You could see a jackal.

Vanquished Creatures
  An adder (D:2)
  2 giant cockroaches (D:1)
  4 hobgoblins (D:1)
  4 kobolds
  A quokka (D:2)
  5 bats
  A giant gecko (D:1)
  2 giant newts (D:2)
  5 goblins
  5 jackals
  5 rats
35 creatures vanquished.

Vanquished Creatures (collateral kills)
  2 adders (D:2)
  2 worms
4 creatures vanquished.

Grand Total: 39 creatures vanquished

Notes
Turn   | Place    | Note
--------------------------------------------------------------
     0 | D:1      | septik the Mummy Wizard began the quest for the Orb.
     0 | D:1      | Reached XP level 1. HP: 13/13 MP: 4/4
   100 | D:1      | Reached skill level 1 in Conjurations
   634 | D:1      | Reached XP level 2. HP: 19/19 MP: 4/6
  1438 | D:2      | Noticed Natasha
  1493 | D:2      | Learned a level 2 spell: Call Imp
  1496 | D:2      | Learned a level 2 spell: Blink
  1637 | D:1      | Reached skill level 1 in Summonings
  1691 | D:2      | Reached XP level 3. HP: 11/24 MP: 2/7
  1828 | D:2      | Noticed Jessica
  2120 | D:2      | Found a snail-covered altar of Cheibriados.
  2511 | D:2      | Slain by a jackal

Action                   || total
-------------------------++-------
Melee: Club              ||    84
       Unarmed           ||    12
Throw: Stone             ||     3
 Cast: Magic Dart        ||    83
       Call Imp          ||    10
 Stab: Distracted        ||     1
